 Dungeon Sprint DCSS version 0.30-a0-140-gd1020e658a (webtiles) character file.

Game seed: 6065719375752015367

1592 mhtbhm the Geomancer (level 8, 0/46 HPs)
             Began as a Gargoyle Earth Elementalist on Sept 24, 2022.
             Was a Believer of Vehumet.
             Killed from afar by a manticore (22 damage)
             ... with a volley of spikes
             ... in the Dungeon (Sprint IX: "|||||||||||||||||||||||||||||").
             The game lasted 00:03:42 (1533 turns).

mhtbhm the Geomancer (Gargoyle Earth Elementalist)  Turns: 1533, Time: 00:03:43

Health: 0/46       AC:  9    Str: 18    XL:     8   Next: 93%
Magic:  17/23      EV: 13    Int: 18    God:    Vehumet [**....]
Gold:   0          SH:  0    Dex: 10    Spells: 18/30 levels left

rFire   . . .      SeeInvis .    k - +2 morningstar (vorpal)
rCold   . . .      Faith    .    (no shield)
rNeg    + . .      Spirit   .    a - +0 robe
rPois   ∞          Reflect  .    l - +0 helmet
rElec   +          Harm     .    (no cloak)
rCorr   .          Rampage  .    (no gloves)
Will    .....      NoTele   +    m - +0 pair of boots
Stlth   +++.......               (no amulet)
HPRegen 0.15/turn                n - +3 ring of strength
MPRegen 0.18/turn                o - +3 ring of strength

@: spiked
A: sickness immunity, AC +5, negative energy resistance 1, electricity
resistance, torment resistance 1, petrification resistance
a: Renounce Religion


You were in the Dungeon.
You worshipped Vehumet.
Vehumet was pleased with you.
You visited 1 branch

Inventory:

Hand Weapons
 k - a +2 vorpal morningstar (weapon)
Armour
 a - a +0 robe (worn)
 l - a +0 helmet (worn)
 m - a +0 pair of boots (worn)
Jewellery
 n - a +3 ring of strength (left hand)
 o - a +3 ring of strength (right hand)
Wands
 j - a wand of iceblast (8)
Scrolls
 h - 2 scrolls of amnesia
Potions
 b - 4 potions of magic
 c - 4 potions of curing
 e - a potion of haste
 f - a potion of berserk rage
 g - a potion of invisibility


   Skills:
 + Level 3.1 Fighting
 + Level 4.5 Dodging
 + Level 5.0 Stealth
 + Level 11.6 Spellcasting
 + Level 4.7 Conjurations
 + Level 1.4 Transmutations
 + Level 14.6 Earth Magic
 + Level 1.4 Evocations


You had 18 spell levels left.
You knew the following spells:

 Your Spells              Type           Power      Damage    Failure   Level
a - Sandblast             Erth           100%       2d20      0%          1
b - Passwall              Tmut/Erth      32%        N/A       1%          2
c - Stone Arrow           Conj/Erth      90%        3d12      1%          3
d - Petrify               Tmut/Erth      39%        N/A       2%          4
e - Scorch                Fire           20%        2d6       11%         2

Your spell library contained the following spells:

 Spells                   Type           Power      Damage    Failure   Level
 Poisonous Vapours        Pois/Air       20%        N/A       11%         2


Dungeon Overview and Level Annotations

Branches:
Dungeon (1/1)

Altars:
Cheibriados
Dithmenos
Elyvilon
Fedhas
Gozag
Hepliaklqana
Kikubaaqudgha
Makhleb
Nemelex Xobeh
Okawaru
Qazlal
Ru
Sif Muna
Trog
Uskayaw
Vehumet
Wu Jian
Xom
Yredelemnul
Zin
The Shining One
Jiyva
Lugonu


Innate Abilities, Weirdness & Mutations

You are immune to sickness and miasma.
Your stone body is resilient. (AC +5)
You are immune to poison.
You resist negative energy. (rN+)
You are resistant to electric shocks. (rElec)
You are resistant to unholy torment.
You are immune to petrification.


Message History

Okay, then.
Okay, then.
You feel better.
The manticore stops moving altogether!
Unknown command.
You carefully extract the barbed spikes from your body.
There is an open door to the Dungeon here.
You close the door.
You start resting.
Magic restored.
You start resting.
You start resting.
HP restored.
Unknown command.
You already know all available spells.
Unknown command.
You open the door.
Unknown command.
Casting: Petrify (dangerous; 2% risk of failure)
Confirm with . or Enter, or press ? or * to list all spells.
Aiming: Stone Arrow (safe; 1% risk of failure)
Press: ? - help, Shift-Dir - straight line, f/p - manticore
Aim: a manticore (wandering, hasn't noticed you, 85% to hit)
The stone arrow hits the manticore!!
The manticore is heavily wounded.
The manticore bites you! The manticore claws you!
The manticore claws you but does no damage.
Unknown command.
Casting: Stone Arrow (safe; 1% risk of failure)
Confirm with . or Enter, or press ? or * to list all spells.
Aiming: Stone Arrow (safe; 1% risk of failure)
Press: ? - help, Shift-Dir - straight line, f/p - manticore
Aim: a manticore (heavily wounded, 85% to hit)
The stone arrow hits the manticore!!
You kill the manticore!
Vehumet accepts your kill.
Vehumet offers you knowledge of Poisonous Vapours.
The manticore flicks its tail.
The volley of spikes hits you!!
The barbed spikes become lodged in your body.
You die...

▓H▓
▓.▓
▓C▓
▓.▓
▓H▓
▓.▓
▓.▓
▓†▓
▓@▓
▓.▓
▓[▓
▓.▓
▓.▓
▓.▓
▓)▓
▓.▓
▓.▓


You could see a manticore and a cyclops.

Vanquished Creatures
  A manticore (D)
  A gargoyle (D)
  An unseen horror (D)
  A troll (D)
  A hornet (D)
  A wraith (D)
  A shadow (D)
  A steam dragon (D)
  2 scorpions (D)
  A killer bee (D)
  A gnoll bouda (D)
  2 iguanas (D)
  2 bats (D)
  A hobgoblin (D)
  A jackal (D)
  A frilled lizard (D)
19 creatures vanquished.

Notes
Turn   | Place    | Note
-------+----------+-------------------------------------------
     0 | D        | mhtbhm the Gargoyle Earth Elementalist began the quest for
                  | the Orb.
     0 | D        | Reached XP level 1. HP: 10/10 MP: 3/3
     5 | D        | Reached skill level 4 in Earth Magic
   270 | D        | Noticed an iguana
   270 | D        | Noticed a gnoll bouda
   270 | D        | Noticed a scorpion
   270 | D        | Noticed an iguana
   270 | D        | Noticed a scorpion
   276 | D        | Killed a scorpion
   277 | D        | Reached skill level 1 in Transmutations
   277 | D        | Reached skill level 7 in Earth Magic
   277 | D        | Reached XP level 2. HP: 15/16 MP: 4/7
   277 | D        | Reached XP level 3. HP: 18/20 MP: 4/8
   277 | D        | Reached XP level 4. HP: 22/24 MP: 5/10
   521 | D        | Learned a level 2 spell: Passwall
   525 | D        | Learned a level 3 spell: Stone Arrow
   530 | D        | Learned a level 4 spell: Petrify
   533 | D        | Killed a scorpion
   534 | D        | Reached skill level 1 in Fighting
   534 | D        | Reached skill level 5 in Spellcasting
   534 | D        | Reached skill level 9 in Earth Magic
   534 | D        | Reached XP level 5. HP: 28/29 MP: 8/13
   680 | D        | Found a snail-covered altar of Cheibriados.
   680 | D        | Found a shadowy altar of Dithmenos.
   680 | D        | Found a white marble altar of Elyvilon.
   680 | D        | Found a blossoming altar of Fedhas.
   680 | D        | Found an opulent altar of Gozag.
   681 | D        | Found a hazy altar of Hepliaklqana.
   682 | D        | Found a viscous altar of Jiyva.
   683 | D        | Found an ancient bone altar of Kikubaaqudgha.
   684 | D        | Found a corrupted altar of Lugonu.
   685 | D        | Found a burning altar of Makhleb.
   686 | D        | Found a sparkling altar of Nemelex Xobeh.
   687 | D        | Found an iron altar of Okawaru.
   688 | D        | Found a stormy altar of Qazlal.
   689 | D        | Found a sacrificial altar of Ru.
   690 | D        | Found a shimmering blue altar of Sif Muna.
   691 | D        | Found a bloodstained altar of Trog.
   692 | D        | Found a hide-covered altar of Uskayaw.
   693 | D        | Found a radiant altar of Vehumet.
   694 | D        | Found an ornate altar of the Wu Jian Council.
   695 | D        | Found a shimmering altar of Xom.
   696 | D        | Found a basalt altar of Yredelemnul.
   697 | D        | Found a glowing silver altar of Zin.
   698 | D        | Found a glowing golden altar of the Shining One.
   701 | D        | Became a worshipper of Vehumet
   739 | D        | Noticed a hornet
   739 | D        | Noticed a troll
   739 | D        | Noticed a shadow
   739 | D        | Noticed a steam dragon
   745 | D        | Killed a steam dragon
   746 | D        | Reached skill level 11 in Earth Magic
   746 | D        | Reached XP level 6. HP: 6/34 MP: 2/16
   788 | D        | Killed a shadow
   789 | D        | Reached skill level 1 in Conjurations
   789 | D        | Reached XP level 7. HP: 12/39 MP: 6/19
   879 | D        | Killed a troll
   879 | D        | Reached * piety under Vehumet
   879 | D        | Offered knowledge of Freeze by Vehumet.
   880 | D        | Reached skill level 12 in Earth Magic
   905 | D        | Killed a hornet
   906 | D        | Reached skill level 10 in Spellcasting
   906 | D        | Reached skill level 13 in Earth Magic
   906 | D        | Reached skill level 1 in Evocations
   906 | D        | Reached XP level 8. HP: 40/45 MP: 1/22
  1171 | D        | Killed an unseen horror
  1171 | D        | Reached ** piety under Vehumet
  1171 | D        | Offered knowledge of Scorch by Vehumet.
  1313 | D        | Learned a level 2 spell: Scorch
  1315 | D        | Noticed a brown ugly thing
  1315 | D        | Noticed a cyclops
  1315 | D        | Noticed a manticore
  1315 | D        | Noticed a manticore
  1315 | D        | Noticed a wraith
  1315 | D        | Noticed a gargoyle
  1317 | D        | Killed a gargoyle
  1318 | D        | Reached skill level 5 in Stealth
  1318 | D        | Reached skill level 14 in Earth Magic
  1320 | D        | Killed a wraith
  1533 | D        | Killed a manticore
  1533 | D        | Offered knowledge of Poisonous Vapours by Vehumet.
  1533 | D        | Killed from afar by a manticore

Illustrated notes

Levels and vault maps discovered:
D:        linesprint [early_d, line_temple, items_1, d_10, items_2, lair_1,
          lair_end, items_3, orc_1, orc_end, items_4, d_15, swamp_1, shoals_1,
          snake_1, spider_1, d_20, vaults_1, items_5, swamp_end, shoals_end,
          snake_end, spider_end, vaults_end, d_27, items_6, zot_1, zot_end,
          crypt_end, forest_end, elf_end, slime_end, tomb_end, abyss_end,
          pan_hell_end]

Skill      XL: |  1  2  3  4  5  6  7  8 |
---------------+-------------------------+-----
Earth Magic    | 7 9 11 13 14 | 14.6
Dodging        | 2 3 4 |  4.5
Stealth        | 3 4 5 |  5.0
Spellcasting   | 4 5 7 8 10 11 | 11.6
Transmutations | 1 |  1.4
Fighting       | 1 2 3 |  3.1
Conjurations   | 1 3 4 |  4.7
Evocations     | 1 |  1.4

Action                   |  1- 3 |  4- 6 |  7- 9 || total
-------------------------+-------+-------+-------++-------
Melee: Unarmed           |     6 |       |       ||     6
 Cast: Sandblast         |     9 |    12 |     6 ||    27
       Stone Arrow       |       |     5 |    18 ||    23
       Petrify           |       |       |     1 ||     1
Evoke: Wand              |       |     1 |     1 ||     2
  Use: Potion            |     1 |     1 |     3 ||     5
       Scroll            |       |     2 |       ||     2
Armor: Robe              |     9 |     3 |     7 ||    19
Dodge: Dodged            |    10 |     6 |    10 ||    26

Table legend: (Time is in decaauts)
 A = Elapsed time spent in this place.
 B = Non-inter-level travel time spent in this place.
 C = Inter-level travel time spent in this place.
 D = Time resting spent in this place.
 E = Time spent auto-exploring this place.
 F = Levels seen in this place.
 G = Mean time per level.
                   A        B        C        D        E       F      G
               +--------+--------+--------+--------+--------+-----+--------+
         Total |   1545 |   1545 |      0 |   1226 |     60 |   1 | 1545.0 |
       Dungeon |   1545 |   1545 |      0 |   1226 |     60 |   1 | 1545.0 |
               +--------+--------+--------+--------+--------+-----+--------+

Top non-repeatable levels by time:
       D: 1545 daAuts
